Map: Washout LE

Players

Reynor

  • Race: Zerg Zerg
  • League: Master
  • Spawn Location: 7:00

Shino - Winner!

  • Race: Zerg Zerg
  • League: Grandmaster
  • Spawn Location: 1:00

VOD

Have the link to the VOD?

Description

Time

  • Played on: July 3, 2026, 7:23 a.m.
  • Length: 6:16
Show
View Real Time Build Order
Export as new Build Order

Reynor Zerg 

Build Orders: Pool First 

Get SALT Encoding   

  8  0:00  Drone  
  9  0:10  Drone  
  10  0:32  Spawning Pool  
  9  0:38  Drone  
  10  0:43  Drone  
  10  0:49  Drone  
  12  0:58  Overlord  
  12  1:19  Zergling x6  
  15  1:29  Zergling x2  
  16  1:39  Zergling x2  
  17  1:46  Hatchery  
  16  1:51  Zergling x2  
  17  2:07  Queen  
  19  2:16  Overlord  
  19  2:21  Drone  
  20  2:35  Drone x2  
  22  2:44  Queen  
  22  2:49  Drone  
  25  2:58  Drone x2  
  22  3:09  Drone x2  
  22  3:11  Zergling x2  
  24  3:16  Zergling x4  
  26  3:20  Drone  
  26  3:26  Spine Crawler  
  26  3:38  Zergling x10  
  31  3:45  Zergling x2  
  32  3:50  Evolution Chamber  
  32  3:52  Zergling x2  
  32  4:04  Overlord  
  32  4:14  Overlord  
  32  4:21  Queen  
  34  4:25  Spine Crawler  
  34  4:30  Zergling x8  
  31  4:32  Zergling x2  
  31  4:35  Zergling x2  
  31  4:37  Zergling x2  
  26  4:44  Zergling x4  
  22  5:07  Zergling x2  
  22  5:10  Zergling x2  
  22  5:12  Zergling x2  
  24  5:15  Zergling x2  
  24  5:19  Zergling x2  
  25  5:30  Queen  
  26  5:36  Zergling x4  
  26  5:39  Zergling x2  
  29  5:43  Zergling x2  
  29  5:45  Zergling x2  
  29  5:48  Zergling x2  
  24  5:59  Zergling x2  
Show
View Real Time Build Order
Export as new Build Order

Shino Zerg - Winner!

Build Orders: Pool First 

Get SALT Encoding   

  8  0:00  Drone  
  9  0:10  Drone  
  10  0:17  Drone  
  11  0:27  Overlord  
  11  0:33  Drone  
  12  0:45  Drone  
  12  0:46  Drone  
  14  0:51  Drone  
  15  1:00  Drone  
  16  1:06  Extractor  
  16  1:10  Drone  
  16  1:13  Spawning Pool  
  15  1:36  Hatchery  
  14  1:41  Drone  
  14  1:45  Drone  
  16  2:00  Zergling x4  
  18  2:01  Zergling x2  
  19  2:11  Zergling x2  
  20  2:23  Metabolic Boost  
  20  2:29  Overlord  
  20  2:49  Zergling x6  
  23  2:57  Zergling x2  
  23  3:05  Zergling x4  
  21  3:11  Zergling x4  
  23  3:19  Baneling Nest  
  22  3:25  Zergling x2  
  23  3:29  Zergling x2  
  24  3:37  Zergling x2  
  24  3:41  Zergling x2  
  26  3:47  Zergling x2  
  26  3:59  Zergling x2  
  26  4:00  Zergling x2  
  27  4:05  Baneling x2  
  27  4:08  Baneling x2  
  27  4:12  Baneling  
  27  4:14  Baneling  
  27  4:21  Zergling x2  
  25  4:32  Zergling x4  
  23  4:43  Baneling  
  22  4:47  Zergling x4  
  23  4:55  Zergling x4  
  22  5:07  Zergling x4  
  22  5:09  Zergling x2  
  25  5:20  Baneling x4  
  25  5:26  Zergling x2  
  25  5:32  Zergling x2  
  26  5:38  Baneling x2  
  26  5:44  Zergling x2  
  26  5:49  Baneling  
  25  5:55  Zergling x2  
Tags
 
Matchup
ZvZ
Player
Reynor
Race
Zerg
Replay Pack
hsc29
Spawn Locations
Cross Positions
Add a new tag
Caveats
  • Supply blocks, unpowered buildings, or Contaminate may cause inaccurate times.
  • Supply counts are checked every 10 seconds.